AoeStats
← xr0015

Lombardia

509998683Analyzed
4v4 RM · 4d ago on Sep 29, 2026· 53m 11s· 8 players
Game mode
Random Map
Map size
Large (8 player)
Population
200
Speed
Normal
Resources
Standard
Victory
Conquest
Starting age
Dark Age
Ending age
Imperial Age
RankedLock teamsTeams togetherTeam positionsShared explorationLock speedFull tech treeHidden civsTurbo modeCheats
Victory
Defeat
🇧🇷 Burgundians · Brazil
981
+12
🇭🇰 Malay · Hong Kong SAR China
945
+13
🇺🇾 Georgians · Uruguay
783
+20
🇦🇷 Ethiopians · Argentina
764
+20
🇬🇧 Wei · United Kingdom
961
-20
🇺🇸 Cumans · United States
868
-16
🇵🇪 Byzantines · Peru
836
-15
🇺🇸 Tatars · United States
825
-14
kz
11:04 Feudal Age
12:55 Double-Bit Axe
16:26 Horse Collar
23:55 Castle Age
22:10 Stone Mining
24:04 Gold Mining
25:58 Bloodlines
25:46 Arson
27:15 Bow Saw
28:16 Heavy Plow
30:35 Gold Shaft Mining
31:27 Squires
32:24 Forging
32:19 Scale Barding Armor
36:47 Wheelbarrow
35:57 Town Watch
38:22 Hand Cart
39:09 Iron Casting
38:55 Chain Barding Armor
42:06 Imperial Age
42:16 Imperial Age
41:37 Town Patrol
41:45 Scale Mail Armor
41:49 Padded Archer Armor
41:40 Fletching
42:38 Elite Kipchak
42:41 Elite Steppe Lancer
44:26 Blast Furnace
44:02 Plate Barding Armor
45:17 Hoardings
44:44 Cuman Mercenaries
47:18 Leather Archer Armor
46:59 Bodkin Arrow
ABSENT007
4:53 Loom
14:23 Feudal Age
15:19 Double-Bit Axe
15:17 Horse Collar
15:29 Gold Mining
15:31 Stone Mining
17:35 Padded Archer Armor
17:42 Scale Barding Armor
17:50 Forging
19:41 Wheelbarrow
21:16 Bloodlines
26:53 Castle Age
28:11 Gold Shaft Mining
27:54 Husbandry
28:57 Heavy Plow
30:02 Bow Saw
33:16 Chain Barding Armor
34:16 Hand Cart
36:05 Iron Casting
49:50 Imperial Age
joaolex1978
2:01 Loom
13:06 Feudal Age
19:26 Double-Bit Axe
21:26 Gold Mining
24:03 Castle Age
22:46 Horse Collar
23:02 Stone Mining
25:29 Bow Saw
26:30 Heavy Plow
31:55 Wheelbarrow
33:39 Hand Cart
35:58 Imperial Age
34:19 Forging
34:55 Ballistics
35:14 Gold Shaft Mining
36:35 Iron Casting
36:00 Scale Mail Armor
38:21 Two-Man Saw
37:49 Conscription
37:31 Elite Cataphract
38:35 Chain Mail Armor
38:54 Scale Barding Armor
39:48 Crop Rotation
41:01 Chemistry
41:01 Stone Shaft Mining
41:24 Plate Mail Armor
40:21 Pikeman
41:05 Squires
40:50 Gambesons
41:45 Chain Barding Armor
41:05 Halberdier
42:27 Caravan
44:29 Elite Skirmisher
45:15 Thumb Ring
46:46 Plate Barding Armor
46:11 Padded Archer Armor
46:02 Fletching
Horahlooks
4:36 Loom
11:20 Feudal Age
12:46 Double-Bit Axe
19:05 Castle Age
17:09 Horse Collar
20:28 Bow Saw
25:51 Gold Mining
25:51 Stone Mining
28:58 Wheelbarrow
28:11 Town Watch
28:37 Heavy Plow
30:30 Hand Cart
31:09 Gold Shaft Mining
30:27 Stone Mining
30:47 Scale Barding Armor
30:53 Forging
34:11 Imperial Age
33:29 Scale Barding Armor
33:34 Forging
34:18 Bloodlines
34:09 Husbandry
35:36 Stone Shaft Mining
36:01 Crop Rotation
35:34 Heavy Hei Guang Cavalry
36:36 Chain Barding Armor
36:52 Iron Casting
37:33 Conscription
37:14 Tuntian
37:56 Pikeman
40:22 Blast Furnace
39:50 Scale Mail Armor
39:45 Halberdier
43:05 Chain Mail Armor
43:18 Ming Guang Armor
43:47 Arson
44:03 Squires
48:35 Fletching
48:45 Padded Archer Armor
LuchoCuzzo
0:38 Loom
11:07 Feudal Age
16:01 Castle Age
14:53 Double-Bit Axe
16:58 Wheelbarrow
16:18 Horse Collar
20:06 Bow Saw
20:55 Heavy Plow
20:49 Stone Mining
27:59 Fortified Wall
29:29 Gold Mining
30:04 Ballistics
30:15 Town Watch
31:41 Stone Shaft Mining
31:41 Gold Shaft Mining
31:23 Murder Holes
33:01 Hand Cart
34:22 Forging
34:13 Scale Mail Armor
35:54 Gold Shaft Mining
39:39 Imperial Age
38:09 Chain Mail Armor
38:30 Iron Casting
38:02 Husbandry
37:34 Light Cavalry
38:40 Royal Heirs
38:51 Scale Barding Armor
39:24 Town Patrol
40:41 Conscription
41:07 Plate Mail Armor
41:38 Blast Furnace
41:15 Elite Shotel Warrior
42:42 Chain Barding Armor
42:34 Heavy Camel Rider
45:22 Hussar
47:25 Torsion Engines
50:52 Caravan
ezecayaffa1998
2:57 Loom
3:16 Loom
12:07 Feudal Age
14:14 Town Watch
17:07 Castle Age
16:33 Double-Bit Axe
16:41 Horse Collar
22:42 Fervor
24:29 Ballistics
24:37 Pikeman
25:48 Bow Saw
25:40 Heavy Plow
25:34 Gold Mining
25:35 Stone Mining
27:02 Wheelbarrow
29:00 Careening
28:31 Treadmill Crane
28:51 Murder Holes
29:08 Forging
29:05 Scale Barding Armor
30:16 Bloodlines
30:07 Husbandry
30:49 Iron Casting
31:08 Hand Cart
30:53 Town Patrol
31:28 Town Patrol
32:11 Chain Barding Armor
34:40 Imperial Age
32:29 Masonry
32:50 Svan Towers
32:45 Stone Mining
35:44 Stone Shaft Mining
34:53 Cavalier
36:36 Blast Furnace
36:12 Plate Barding Armor
36:54 Chemistry
35:40 Arrowslits
36:31 Crop Rotation
36:22 Aznauri Cavalry
36:42 Conscription
37:30 Elite Monaspa
37:47 Light Cavalry
44:17 Hussar
47:24 Herbal Medicine
xr0015
10:41 Feudal Age
9:27 Loom
11:09 Double-Bit Axe
12:11 Horse Collar
17:08 Scale Barding Armor
19:32 Castle Age
17:34 Gold Mining
18:08 Forging
19:18 Stone Mining
20:15 Cavalier
31:11 Imperial Age
29:45 Ballistics
31:02 Chain Barding Armor
31:38 Wheelbarrow
30:49 Town Watch
31:11 Scale Mail Armor
31:19 Fletching
31:19 Capped Ram
33:14 Paladin
33:57 Husbandry
33:42 Pikeman
36:59 Padded Archer Armor
37:19 Chain Mail Armor
37:54 Conscription
38:01 Conscription
40:44 Plate Barding Armor
40:44 Murder Holes
41:22 Plate Mail Armor
40:17 Elite Skirmisher
41:16 Squires
44:03 Gold Shaft Mining
44:05 Stone Shaft Mining
48:04 Iron Casting
47:09 Halberdier
48:53 Bow Saw
48:46 Heavy Plow
49:48 Blast Furnace
49:46 Bodkin Arrow
rush then rush
0:42 Loom
12:42 Feudal Age
13:26 Wheelbarrow
12:38 Double-Bit Axe
12:32 Man-at-Arms
16:26 Forging
23:05 Castle Age
21:30 Gold Mining
22:28 Pikeman
23:48 Horse Collar
24:21 Bow Saw
24:30 Heavy Plow
27:06 Gold Shaft Mining
27:17 Squires
28:16 Hand Cart
28:48 Iron Casting
29:05 Town Watch
31:56 Stone Mining
36:48 Imperial Age
36:14 Stone Shaft Mining
35:42 Halberdier
37:24 Blast Furnace
36:17 Fletching
37:20 Crop Rotation
38:15 Town Patrol
42:54 Bodkin Arrow
42:59 Padded Archer Armor
45:10 Caravan
45:22 Guilds
46:33 Bracer
46:48 Leather Archer Armor
47:14 Conscription
46:57 Forced Levy
46:45 Long Swordsman
47:11 Arson
48:57 Two-Handed Swordsman
Connection lost

Rejoining the realm…

Still unreachable

The connection could not be restored.

Session expired

The server has moved on; the page needs a fresh start.